 Dungeon Crawl Stone Soup version 0.27-a0-1359-ga2a4dfd6fd (webtiles) character file.

Game seed: 5396487687301241454

398 bilbop the Caller (level 6, -3/35 HPs)
             Began as a Deep Elf Summoner on June 29, 2021.
             Killed from afar by an electric eel (13 damage)
             ... with a bolt of electricity
             ... on level 6 of the Dungeon.
             The game lasted 00:32:49 (6462 turns).

bilbop the Caller (Deep Elf Summoner)               Turns: 6462, Time: 00:32:50

Health: -3/35      AC:  4    Str:  5    XL:     6   Next: 53%
Magic:  8/14       EV: 17    Int: 20    God:
Gold:   332        SH:  4    Dex: 17    Spells: 7/13 levels left

rFire    . . .     SeeInvis .   a - +0 dagger
rCold    . . .     Faith    .   i - +0 buckler
rNeg     . . .     Spirit   .   c - +0 robe
rPois    .         Reflect  .   (no helmet)
rElec    .         Harm     .   j - scarf {repulsion}
rCorr    .         Rampage  .   q - +1 pair of gloves
Will     .....                  (no boots)
Stlth    ++........             (no amulet)
HPRegen  0.11/turn              f - +4 ring of slaying
MPRegen  0.14/turn              r - +4 ring of evasion

@: repel missiles, very slow
A: no striking features
a: no special abilities


You were on level 6 of the Dungeon.
You visited 2 branches of the dungeon, and saw 7 of its levels.
You also visited: Sewer.

You collected 332 gold pieces.

Inventory:

Hand Weapons
 a - a +0 dagger (weapon)
Armour
 c - a +0 robe (worn)
 i - a +0 buckler (worn)
 j - a scarf of repulsion (worn)
 m - a +1 cloak
 q - a +1 pair of gloves (worn)
 s - a +0 troll leather armour {Purgy}
Jewellery
 b - the ring of Mamyr {rPois rN+++ Will- Dex+4 Stlth+}
   (You found it on level 4 of the Dungeon)

   [ring of poison resistance]

   Dex:       It affects your dexterity (+4).
   rPois:     It protects you from poison.
   rN:        It renders you almost immune to negative energy.
   Will:      It decreases your willpower.
   Stlth:     It makes you more stealthy.
 f - a +4 ring of slaying (left hand)
 h - a ring of positive energy
 k - a ring of protection from fire
 o - a ring of positive energy
 r - a +4 ring of evasion (right hand)
Scrolls
 g - 4 scrolls of magic mapping
 n - 3 scrolls of fear
 p - 5 scrolls of teleportation
 u - a scroll of immolation {unknown}
 w - a scroll of enchant weapon {unknown}
Potions
 d - 3 potions of mutation {unknown}
 e - 2 potions of attraction {unknown}
 l - a potion of might {unknown}
 t - a potion of curing {unknown}
 v - a potion of heal wounds {unknown}
 x - 2 potions of magic {unknown}


   Skills:
 + Level 1.9 Fighting
 + Level 2.3 Short Blades
 + Level 3.8 Dodging
 + Level 4.1 Stealth
 + Level 1.5 Shields
 + Level 4.4 Spellcasting
 + Level 5.2 Summonings


You had 7 spell levels left.
You knew the following spells:

 Your Spells              Type           Power      Damage    Failure   Level
a - Summon Small Mammal   Summ           100%       N/A       1%          1
b - Call Imp              Summ           25%        N/A       3%          2
c - Call Canine Familiar  Summ           25%        N/A       6%          3

Your spell library contained the following spells:

 Spells                   Type           Power      Damage    Failure   Level
 Summon Guardian Golem    Hex/Summ       15%        N/A       17%         3
 Summon Ice Beast         Ice/Summ       15%        N/A       50%         4
 Summon Lightning Spire   Summ/Air       15%        N/A       50%         4


Dungeon Overview and Level Annotations

Branches:
Dungeon (6/15)             Temple (1/1) D:5           Sewer (visited)

Altars:
Cheibriados
Dithmenos
Elyvilon
Fedhas
Kikubaaqudgha
Makhleb
Nemelex Xobeh
Okawaru
Ru
Sif Muna
Trog
Uskayaw
Vehumet
Wu Jian
Xom
Zin
The Shining One

Shops:
D:2 :


Message History

Gang up on whom?
Press: ? - help, Dir - move target, f - electric eel
Aim: an electric eel (ally target) Attack!
The electric eel shoots out a bolt of lightning at you!
The bolt of electricity hits the plant! x2; The bolt of electricity misses you.
The electric eel shoots out a bolt of lightning at you!
The bolt of electricity hits the plant! x2; The bolt of electricity hits you!
Your crimson imp blinks!
A nearby plant withers and dies.
The electric eel shoots out a bolt of lightning at you!
The bolt of electricity hits the plant!
The plant begins to die.
The bolt of electricity hits you!
* * * LOW HITPOINT WARNING * * *
Your crimson imp completely misses the electric eel.
A nearby plant withers and dies.
A bolt of electricity appears from out of your range of vision.
The electric eel shoots out a bolt of lightning at you!
The bolt of electricity hits the plant!
The plant begins to die.
The bolt of electricity misses you.
A bolt of electricity appears from out of your range of vision.
You start resting.
Magic restored.
You start resting.
HP restored.
An electric eel comes into view.
A beastly little devil appears in a puff of frigid air.
A beastly little devil appears in a puff of flame.
A beastly little devil appears in a puff of flame.
The electric eel shoots out a bolt of lightning at you!
The bolt of electricity hits you! The bolt of electricity hits you.
You enter the shallow water.
Moving in this stuff is going to be slow.
Your crimson imp barely misses the electric eel.
Your crimson imp blinks!
The electric eel shoots out a bolt of lightning at you!
The bolt of electricity hits you!
* * * LOW HITPOINT WARNING * * *
The bolt of electricity hits you!
You die...

############# ##
#...........####.
#.#######........
##########.#.......######.
#.........§#.####### #(
#≈≈♣≈♣≈♣5@.#.# #.
♣≈♣≈≈♣5≈♣♣P♣ #.
P≈≈≈≈≈≈≈;≈♣≈≈ #.
≈≈≈≈≈≈≈P≈≈≈P≈P♣ #.
≈≈≈≈≈≈≈≈≈≈♣≈P♣P≈P ########.
≈≈≈≈≈≈≈≈5≈≈≈≈≈≈≈≈♣♣...#.##.
≈≈≈≈;≈≈≈≈≈≈≈≈≈≈♣PP♣♣.#..<..
≈≈≈≈≈≈≈≈≈≈≈≈≈≈≈≈≈≈P≈.##.###
≈P≈P≈≈♣≈###.#


You could see 2 electric eels, 2 friendly crimson imps and a friendly white imp
(summoned).

Vanquished Creatures
  A hound (D:4)
  A jelly (D:4)
  A hound zombie (D:5)
  3 adders
  A dart slug (D:2)
  2 orcs
  5 endoplasms
  4 giant cockroaches
  5 goblins
  A hobgoblin (D:3)
  3 jackals (D:1)
  2 kobolds (D:3)
  3 quokkas (D:5)
  3 ball pythons
  A bat (D:3)
  3 frilled lizards
  5 rats
44 creatures vanquished.

Vanquished Creatures (collateral kills)
  Purgy (Sewer)
  An ogre (D:5)
  A water moccasin zombie (D:5)
  A jelly (D:5)
  A centaur skeleton (D:4)
  5 adders
  An ufetubus (D:6)
  A worm (D:2)
  2 dart slugs
  5 orcs (D:4)
  4 ball pythons
  An endoplasm (D:1)
  5 giant cockroaches
  2 goblins
  4 hobgoblins
  4 jackals (D:1)
  4 kobolds
  2 quokkas
  2 frilled lizards (Sewer)
  5 rats
52 creatures vanquished.

Vanquished Creatures (others)
  3 fungi (D:6)
  5 plants (D:6)
8 creatures vanquished.

Grand Total: 104 creatures vanquished

Notes
Turn   | Place    | Note
-------+----------+-------------------------------------------
     0 | D:1      | bilbop the Deep Elf Summoner began the quest for the Orb.
     0 | D:1      | Reached XP level 1. HP: 10/10 MP: 6/6
   742 | D:1      | Reached XP level 2. HP: 7/15 MP: 6/8
   903 | D:1      | Found a faded altar of an unknown god.
  1867 | D:2      | Reached XP level 3. HP: 20/20 MP: 9/9
  1870 | D:2      | Learned a level 2 spell: Call Imp
  1926 | D:2      | Reached skill level 1 in Short Blades
  2159 | D:2      | Found Citautoh's Book Shop.
  2322 | D:3      | Found a glowing silver altar of Zin.
  2323 | D:3      | Found a shimmering blue altar of Sif Muna.
  2350 | D:3      | Found an iron altar of Okawaru.
  3070 | D:3      | Reached skill level 1 in Fighting
  3355 | D:4      | Reached XP level 4. HP: 25/25 MP: 11/11
  3482 | D:4      | Identified the ring of Mamyr {rPois rN+++ Will- Dex+4
                  | Stlth+}
  4058 | D:4      | Reached XP level 5. HP: 29/29 MP: 5/12
  4145 | D:4      | Reached skill level 1 in Shields
  4313 | D:5      | Entered Level 5 of the Dungeon
  4533 | D:5      | Noticed an ogre
  4547 | D:5      | Killed an ogre
  4548 | D:5      | Reached skill level 5 in Summonings
  4603 | D:5      | Found a glowing drain.
  4620 | D:5      | Reached XP level 6. HP: 25/34 MP: 14/14
  4629 | Sewer    | Entered a sewer
  4946 | Sewer    | Noticed Purgy
  4963 | Sewer    | Killed Purgy
  5379 | D:5      | Found a snail-covered altar of Cheibriados.
  5902 | D:5      | Found a staircase to the Ecumenical Temple.
  5909 | Temple   | Entered the Ecumenical Temple
  6084 | D:6      | Learned a level 3 spell: Call Canine Familiar
  6462 | D:6      | Killed from afar by an electric eel

Illustrated notes

Levels and vault maps discovered:
D:1:      dpeg_arrival_ratfight, layout_loops_ring,
          hellmonk_ecumenical_altar_pennies_from_heaven
D:2:      layout_rooms, serial_shops, shop
D:3:      layout_loops_cross, grunt_temple_overflow_open
D:4:      layout_loops_ring
D:5:      layout_basic, kennysheep_slug_shrine,
          minmay_temple_entry_statues_pillars, portal_sewer_entry_f
D:6:      layout_loops_ring, general_overflow_altar, serial_aquarium,
          aquarium_bridge_straight [aquarium_subvault_bridge,
          aquarium_subvault_window, aquarium_subvault_bridge,
          aquarium_subvault_wall], aquarium_bridge_square
          [aquarium_subvault_wall, aquarium_subvault_bridge,
          aquarium_subvault_window, aquarium_subvault_wall],
          aquarium_window_fake, aquarium_window_corridor_1,
          aquarium_window_fake, aquarium_view_2c, aquarium_balcony_3a,
          ebering_ghost_sewer_f, serial_bayou_lake_a
Temple:   cyrus_circular_temple

Skill      XL: |  1  2  3  4  5  6 |
---------------+-------------------+-----
Short Blades   | 1 2 |  2.3
Stealth        | 3 4 |  4.1
Fighting       | 1 |  1.9
Dodging        | 3 |  3.8
Shields        | 1 |  1.5
Spellcasting   | 4 |  4.4
Summonings     | 5 |  5.2

Action                   |  1- 3 |  4- 6 || total
-------------------------+-------+-------++-------
Melee: Dagger            |    70 |    84 ||   154
       Unarmed           |     1 |       ||     1
 Cast: Summon Small Mamm |    54 |       ||    54
       Call Imp          |    18 |    54 ||    72
  Use: Scroll            |     3 |     3 ||     6
 Stab: Sleeping          |    14 |     6 ||    20
       Distracted        |     1 |     1 ||     2
Armor: Robe              |     9 |    14 ||    23
Dodge: Dodged            |    51 |    81 ||   132
Block: Buckler           |     1 |    23 ||    24

Table legend: (Time is in decaauts)
 A = Elapsed time spent in this place.
 B = Non-inter-level travel time spent in this place.
 C = Inter-level travel time spent in this place.
 D = Time resting spent in this place.
 E = Time spent auto-exploring this place.
 F = Levels seen in this place.
 G = Mean time per level.
                   A        B        C        D        E       F      G
               +--------+--------+--------+--------+--------+-----+--------+
         Total |   6519 |   6303 |    216 |    832 |   4505 |   8 |  814.9 |
       Dungeon |   5745 |   5537 |    208 |    597 |   4168 |   6 |  957.5 |
        Temple |     52 |     44 |      8 |      0 |     43 |   1 |   52.0 |
         Sewer |    721 |    721 |      0 |    235 |    293 |   1 |  721.0 |
               +--------+--------+--------+--------+--------+-----+--------+

Top non-repeatable levels by time:
     D:1: 1776 daAuts
     D:3: 1047 daAuts
     D:5: 1020 daAuts
     D:4: 959 daAuts
   Sewer: 721 daAuts
     D:2: 527 daAuts
     D:6: 413 daAuts
  Temple: 52 daAuts
